 Dungeon Crawl Stone Soup version 0.19-a0-1932-g59670f6 (webtiles) character file.

1920 slr42 the Transmogrifier (level 9, -1/63 HPs)
             Began as a Merfolk Transmuter on Oct 25, 2016.
             Was a Follower of Uskayaw.
             Slain by a killer bee (5 damage)
             ... on level 6 of the Dungeon.
             The game lasted 00:51:07 (8215 turns).

slr42 the Transmogrifier (Merfolk Transmuter)       Turns: 8215, Time: 00:51:08

Health: -1/63      AC:  2    Str: 11    XL:     9   Next: 16%
Magic:  4/15       EV: 14    Int: 15    God:    Uskayaw [*.....]
Gold:   242        SH:  0    Dex: 14    Spells: 3 memorised, 8 levels left

rFire  . . .     SeeInvis .       - Unarmed
rCold  . . .     Gourm    .     b - +0 robe
rNeg   . . .     Faith    .     (shield currently unavailable)
rPois  .         Spirit   .     (no helmet)
rElec  .         Reflect  .     (no cloak)
rCorr  .         Harm     .     (gloves currently unavailable)
MR     +....                    (no boots)
Stlth  +++.......               (no amulet)
                                (no ring)
                                v - ring of protection from magic

@: blade hands
A: change form in water, swift swim, stealthy swim
a: End Transformation, Stomp, Renounce Religion


You were on level 6 of the Dungeon.
You worshipped Uskayaw.
Uskayaw was noncommittal.
You were hungry.
You had blades for hands.
You visited 2 branches of the dungeon, and saw 8 of its levels.

You collected 242 gold pieces.

Inventory:

Hand Weapons
 n - a +0 spear of freezing
 o - a +0 blowgun
 s - a +2 vampiric hand axe
 E - a +0 hunting sling of flaming
 J - a cursed -3 spear
Missiles
 a - 63 arrows
 y - 7 tomahawks (quivered)
 B - 26 poisoned needles
 D - 110 stones
 H - a throwing net
Armour
 b - a +0 robe (worn)
 h - a +0 leather armour
 O - the +1 pair of gloves "Kedathy" (melded) {rC+ Str+3}
   (You found it on level 6 of the Dungeon)

   It affects your strength (+3).
   It protects you from cold.
Magical Staves
 p - an uncursed staff of air
Jewellery
 v - a ring of protection from magic (left scythe-like blade)
Wands
 g - a wand of slowing (14/48)
 m - a wand of disintegration (14/24)
 L - a wand of polymorph (12/24)
Scrolls
 i - 2 scrolls of magic mapping {unknown}
 j - 7 scrolls of remove curse {unknown}
 k - 3 scrolls of teleportation {unknown}
 r - 2 scrolls of enchant weapon
 F - a scroll of amnesia {unknown}
 G - 2 scrolls of identify
 M - a scroll of acquirement {unknown}
Potions
 e - 5 potions of brilliance
 l - a potion of flight
 q - 2 potions of agility
 z - 2 potions of lignification
 A - a potion of might {unknown}
 C - a potion of cancellation {unknown}
 I - a potion of curing
 K - a potion of ambrosia {unknown}
 N - a potion of mutation {unknown}
Books
 c - a book of Changes

   Spells                             Type                      Level
   a - Beastly Appendage              Transmutation                1
   b - Sticks to Snakes               Transmutation                2
   c - Spider Form                    Transmutation/Poison         3
   d - Ice Form                       Ice/Transmutation            4
   e - Blade Hands                    Transmutation                5
Comestibles
 d - 6 bread rations
 f - 2 meat rations
 t - a beef jerky
 w - 2 fruits
 x - 3 slices of pizza


   Skills:
 - Level 3.0 Fighting
 - Level 4.0 Dodging
 + Level 4.1 Stealth
 + Level 8.3 Unarmed Combat
 - Level 4.0 Spellcasting
 + Level 8.4 Transmutations
 + Level 2.6 Invocations


You had 8 spell levels left.
You knew the following spells:

 Your Spells              Type           Power        Failure   Level  Hunger
a - Beastly Appendage     Tmut           ####..       14%         1    None
b - Sticks to Snakes      Tmut           ####....     14%         2    ##.....
c - Blade Hands           Tmut           ####......   63%         5    ######.


Dungeon Overview and Level Annotations

Branches:
Dungeon (7/15)             Temple (1/1) D:4

Altars:
Ashenzari
Cheibriados
Dithmenos
Fedhas
Gozag
Kikubaaqudgha
Okawaru
Qazlal
Ru
Sif Muna
Trog
Uskayaw
Vehumet
Zin
The Shining One

Annotations:
D:4 Blork the orc, Sigmund


Message History

The killer bee is almost dead.
You feel sick. The killer bee stings you.
* * * LOW HITPOINT WARNING * * *
The killer bee stings you.
* * * LOW HITPOINT WARNING * * *
You are lethally poisoned!
The killer bee poisons you! The killer bee misses you.
The killer bee stings you.
* * * LOW HITPOINT WARNING * * *
You feel better. The killer bee closely misses you. x2
The killer bee stings you.
* * * LOW HITPOINT WARNING * * *
The killer bee completely misses you. The killer bee closely misses you.
The killer bee misses you.
You slash the killer bee!
You kill the killer bee!
The killer bee closely misses you. The killer bee stings you.
* * * LOW HITPOINT WARNING * * *
The killer bee stings you.
You die...

.## #..# #..............#
..## #..# #...(......#####
#..## #..# #........###
##..# #..# #........##
#..###..###.........###
##..##................####
##......................#
##...........y.#####...#
##....#####...@..# ###.#
###......# #..y...# #..#
#...#....## #.....## ##..#
..###...#.####...## ##..##
.## #...##.####### ##...#
## #...###.## ##....#
#...# ##.## ###.....#
#...# ##.####......##
#...# ##.##.......##


You could see 2 killer bees.

Vanquished Creatures
  2 ogres
  A sky beast (D:4)
  3 phantoms
  2 centaurs
  2 bullfrogs (D:6)
  4 scorpions
  A killer bee (D:6)
  A howler monkey (D:5)
  3 crimson imps
  4 hounds
  A bullfrog skeleton (D:4)
  An orc priest (D:4)
  6 orc wizards
  4 worker ants
  4 gnolls
  5 adders
  A howler monkey skeleton (D:4)
  2 oozes
  3 adder skeletons
  3 worms
  6 dart slugs
  2 leopard geckos (D:1)
  11 orcs
  5 bats
  6 giant cockroaches
  11 goblins
  10 hobgoblins
  7 jackals (D:1)
  10 kobolds
  A ball python (D:2)
  3 frilled lizards
  A leopard gecko skeleton (D:4)
  9 rats
135 creatures vanquished.

Vanquished Creatures (collateral kills)
  A bullfrog (D:6)
  An orc wizard (D:4)
  An iguana (D:4)
  A worker ant (D:6)
  A gnoll (D:4)
  An orc (D:6)
6 creatures vanquished.

Vanquished Creatures (others)
  A plant (D:1)
1 creature vanquished.

Grand Total: 142 creatures vanquished

Notes
Turn   | Place    | Note
-------+----------+-------------------------------------------
     0 | D:1      | slr42 the Merfolk Transmuter began the quest for the Orb.
     0 | D:1      | Reached XP level 1. HP: 15/15 MP: 3/3
   278 | D:1      | Reached XP level 2. HP: 21/21 MP: 3/5
   327 | D:1      | Reached skill level 1 in Stealth
   643 | D:1      | Reached XP level 3. HP: 15/27 MP: 6/6
  1397 | D:1      | Learned a level 2 spell: Sticks to Snakes
  1556 | D:2      | Reached XP level 4. HP: 19/34 MP: 7/7
  2134 | D:2      | Found a faded altar of an unknown god.
  2421 | D:2      | Found an iron altar of Okawaru.
  2888 | D:3      | Reached XP level 5. HP: 40/40 MP: 8/8
  3516 | D:4      | Reached skill level 5 in Unarmed Combat
  3516 | D:4      | Reached XP level 6. HP: 17/47 MP: 6/9
  3774 | D:4      | Found a blossoming altar of Fedhas.
  3808 | D:4      | Noticed Sigmund
  3964 | D:4      | Noticed a phantom
  4034 | D:5      | Entered Level 5 of the Dungeon
  4337 | D:5      | Noticed a phantom
  4685 | D:5      | Killed a phantom
  4685 | D:5      | Reached XP level 7. HP: 7/52 MP: 3/11
  5009 | D:4      | Reached skill level 5 in Transmutations
  5174 | D:4      | Learned a level 5 spell: Blade Hands
  5406 | D:4      | Noticed Blork the orc
  5746 | D:4      | Reached XP level 8. HP: 42/58 MP: 12/14
  5884 | D:4      | Found a staircase to the Ecumenical Temple.
  5992 | Temple   | Entered the Ecumenical Temple
  6358 | Temple   | Became a worshipper of Uskayaw the Reveler
  6407 | D:4      | Reached * piety under Uskayaw
  6414 | D:4      | Reached ** piety under Uskayaw
  6418 | D:4      | Reached *** piety under Uskayaw
  7000 | D:6      | Found a snail-covered altar of Cheibriados.
  7245 | D:6      | Reached skill level 1 in Invocations
  7436 | D:6      | Got a pair of fine gloves
  7447 | D:6      | Identified the +1 pair of gloves "Kedathy" {rC+ Str+3} (You found it on level 6 of the Dungeon)
  7481 | D:6      | Found a stormy altar of Qazlal.
  7604 | D:6      | Reached XP level 9. HP: 63/63 MP: 12/15
  8215 | D:6      | Slain by a killer bee

Vault maps used:
D:1:      lordsloth_arrival_two_stooges, lexackson_kobold_supper
D:2:      okawaru_altar_gauntlet_db, ecumenical_altar_1
D:3:      first_bread
D:4:      marbit_many_paths, uniq_blork_the_orc, uniq_sigmund
D:6:      nicolae_qazlal_general_emergency, basic_altar,
          kennysheep_generic_room_14
D:7:      lemuel_round_altar, lemuel_round_altar,
          chequers_temple_overflow_minitemple, uniq_crazy_yiuf_cottage,
          uniq_menkaure, uniq_pikel
Temple:   minmay_temple_bridge_abc

Skill      XL: |  1  2  3  4  5  6  7  8  9 |
---------------+----------------------------+-----
Stealth        | 1 2 3 4 |  4.1
Fighting       | 2 3 |  3.0
Unarmed Combat | 4 5 6 8 |  8.3
Dodging        | 3 4 |  4.0
Transmutations | 3 4 5 8 |  8.4
Spellcasting   | 3 4 |  4.0
Invocations    | 1 2 |  2.6

Action                   |  1- 3 |  4- 6 |  7- 9 || total
-------------------------+-------+-------+-------++-------
Melee: Unarmed           |   133 |   164 |   215 ||   512
       Headbutt          |    19 |    25 |    33 ||    77
       Punch             |       |     2 |     8 ||    10
 Fire: Blowgun           |       |    12 |     6 ||    18
       Hunting sling     |       |     8 |     9 ||    17
Throw: Tomahawk          |       |     1 |       ||     1
 Cast: Beastly Appendage |    14 |    26 |    25 ||    65
       Sticks to Snakes  |       |    12 |    21 ||    33
       Blade Hands       |       |       |     2 ||     2
Invok: Stomp             |       |       |     2 ||     2
  Use: Scroll            |       |     7 |     2 ||     9
       Potion            |       |     2 |     1 ||     3
 Stab: Sleeping          |     2 |     8 |     4 ||    14
       Paralysed         |       |       |     2 ||     2
  Eat: Chunk             |     2 |    11 |    12 ||    25
       Fruit             |       |     1 |       ||     1
Armor: Robe              |    12 |    16 |    27 ||    55
       Skin              |       |       |     3 ||     3
Dodge: Dodged            |    91 |    93 |   137 ||   321
